 Dungeon Crawl Stone Soup version 0.28.0-1-gb440e238dd (webtiles) character file.

Game seed: 4024177588773476542

99 issech the Cudgeller (level 4, -1/44 HPs)
             Began as a Troll Monk on Feb 23, 2022.
             Slain by Sigmund (11 damage)
             ... on level 2 of the Dungeon.
             The game lasted 00:07:11 (2165 turns).

issech the Cudgeller (Troll Monk)                   Turns: 2165, Time: 00:07:12

Health: -1/44      AC:  4    Str: 19    XL:     4   Next: 45%
Magic:  3/3        EV: 11    Int:  6    God:
Gold:   98         SH:  0    Dex: 20    Spells: 3/3 levels left

rFire   . . .      SeeInvis .   a - +0 mace
rCold   . . .      Faith    .   (no shield)
rNeg    . . .      Spirit   .   b - +0 robe
rPois   .          Reflect  .   (helmet restricted)
rElec   .          Harm     .   (no cloak)
rCorr   .          Rampage  .   (gloves unavailable)
Will    .....                   (boots unavailable)
Stlth   +.........              (no amulet)
HPRegen 0.94/turn               i - +6 ring of dexterity
MPRegen 0.08/turn               (no ring)

@: confused
A: large, unfitting armour, claws 3, regeneration 1, shaggy fur 1, tough skin 1
a: no special abilities


You were on level 2 of the Dungeon.
You visited 1 branch of the dungeon, and saw 3 of its levels.

You collected 98 gold pieces.

Inventory:

Hand Weapons
 a - a +0 mace (weapon)
 g - a +0 dagger of venom
 k - a +0 antimagic short sword
Missiles
 c - 60 stones (quivered)
 e - 13 sling bullets
 o - 25 bolts
Armour
 b - a +0 robe (worn)
Jewellery
 i - a +6 ring of dexterity (left claw)
 l - a ring of willpower
Scrolls
 d - a scroll of enchant weapon {unknown}
 f - 3 scrolls of identify {unknown}
 j - a scroll of enchant armour {unknown}
Potions
 h - a potion of mutation {unknown}
 m - a potion of lignification {unknown}
 n - 2 potions of curing {unknown}
 p - a potion of invisibility {unknown}


   Skills:
 + Level 2.8 Fighting
 + Level 3.5 Maces & Flails
 + Level 3.3 Dodging
 + Level 1.2 Stealth


You had 3 spell levels left.
You didn't know any spells.
Your spell library contained the following spells:

 Spells                   Type           Power      Damage    Failure   Level
 Gell's Gravitas          Tloc           0%         N/A       83%         3
 Teleport Other           Tloc           0%         N/A       83%         3
 Dispersal                Tloc           0%         N/A       100%        6


Dungeon Overview and Level Annotations

Branches:
Dungeon (3/15)

Altars:

Annotations:
D:3 Sigmund


Innate Abilities, Weirdness & Mutations

You are too large for most types of armour.
You have claws for hands.
Your natural rate of healing is unusually fast.
You are covered in fur. (AC +1)
You have tough skin. (AC +1)


Message History

Deactivating autopickup; reactivate with Ctrl-A.
Throw: 61 stones
Press: ? - help, Q - select action Shift-Dir - straight line You throw a stone.
Something hits you.
There is a stone staircase leading up here.
You barely miss something. Something hits you!
You closely miss something. Something hits you!
You hit something. Something hits you!
You barely miss something.
Okay, then.
Something hits you.
You climb upwards.
Reactivating autopickup.
There is a stone staircase leading down here.
You hear some strange, mumbled words.
Deactivating autopickup; reactivate with Ctrl-A.
You are confused.
You bump into the rock wall.
Something hits you.
* * * LOW HITPOINT WARNING * * *
There is a stone staircase leading down here.
You hear some strange, mumbled words.
You are more confused.
You bump into the rock wall.
Something hits you.
* * * LOW HITPOINT WARNING * * *
You bump into the rock wall.
Something hits you.
* * * LOW HITPOINT WARNING * * *
You bump into the rock wall.
You hear some strange, mumbled words.
You are more confused.
Something hits you.
* * * LOW HITPOINT WARNING * * *
You hear some strange, mumbled words.
You are more confused.
You bump into the rock wall.
You bump into the rock wall.
Something hits you.
* * * LOW HITPOINT WARNING * * *
You bump into the rock wall.
Something hits you!
You die...

######## #.....# ##########
.......# ###.##.####........#
.......# #...##......###..†.#
.......# #.###....#......####
# .......###..........######
# ...........##....#### ####
.......###....##.# ###...
.......###.#####.# #...##
........##.# #@# ##.####
...........# #.###### #..# #
#######.##.# #.##...#####.##
# #####.>..#.# #.###........#
# ......##...# #.# #..#######
# ####..###..#####.###....# #
.......###..<......>.##.#####
#
.#####.....#####.######.....#
# ## ####..## #..### #####.#
#


There were no monsters in sight!

Vanquished Creatures
  Ijyb (D:3)
  An adder (D:2)
  3 dart slugs
  An orc (D:3)
  5 ball pythons
  9 endoplasms
  3 giant cockroaches (D:1)
  2 hobgoblins (D:2)
  2 jackals (D:1)
  2 quokkas
  3 bats
  3 frilled lizards
  7 goblins
  7 kobolds
  6 rats
55 creatures vanquished.

Notes
Turn   | Place    | Note
-------+----------+-------------------------------------------
     0 | D:1      | issech the Troll Monk began the quest for the Orb.
     0 | D:1      | Reached XP level 1. HP: 22/22 MP: 0/0
   286 | D:1      | Found a faded altar of an unknown god.
   345 | D:1      | Reached XP level 2. HP: 27/29 MP: 1/1
   531 | D:1      | Reached XP level 3. HP: 36/36 MP: 2/2
  1564 | D:3      | Noticed Ijyb
  1734 | D:3      | Killed Ijyb
  1735 | D:3      | Reached XP level 4. HP: 44/44 MP: 3/3
  1841 | D:3      | Noticed Sigmund
  2165 | D:2      | Slain by Sigmund

Illustrated notes

Levels and vault maps discovered:
D:1:      lightli_arrival_windingriver, layout_loops_ring,
          shapermc_ecumenical_altar_pompeii, nrook_loot_triangle, st_stairs_10
D:2:      layout_rooms, lightli_corner_chamber
D:3:      layout_rooms, nicolae_uskayaw_murder_on_the_dancefloor, uniq_ijyb,
          uniq_sigmund

Skill      XL: |  1  2  3 |
---------------+----------+-----
Maces & Flails | 3 |  3.5
Dodging        | 3 |  3.3
Fighting       | |  2.8
Stealth        | |  1.2

Action                   |  1- 3 |  4- 6 || total
-------------------------+-------+-------++-------
Melee: Mace              |   130 |    35 ||   165
       Unarmed           |     5 |       ||     5
Throw: Stone             |       |     9 ||     9
 Stab: Sleeping          |     1 |       ||     1
Armor: Robe              |    65 |     7 ||    72
Dodge: Dodged            |   103 |    26 ||   129
